[Event "Titled Tuesday Blitz March 01 Early 2022"]
[White "Mirzanurov, Bulat"]
[Black "Tashkov, Rumen"]
[WhiteFideId "4184521"]
[BlackFideId "2904004"]
[WhiteElo "2116"]
[BlackElo "2181"]
[Result "1-0"]
[Round "08"]
[TimeControl "180+1"]
[Date "2022.03.01"]
[WhiteClock "0:00:11"]
[BlackClock "0:00:01"]

1. e4 d6 2. d4 Nf6 3. Nc3 g6 4. f3 c6 5. Be3 Qb6 6. a3 Nbd7 7. Nge2 Qc7 8. Qd2 e5 9. O-O-O b5 10. g4 a5 11. dxe5 dxe5 12. g5 Nh5 13. Ng3 Nf4 14. Nce2 b4 15. a4 Ne6 16. b3 Bc5 17. Kb2 O-O 18. h4 Bxe3 19. Qxe3 Ba6 20. h5 Qb6 21. Qd2 Rad8 22. Bh3 Ndc5 23. Qc1 Bxe2 24. Nxe2 Nd4 25. Nxd4 Rxd4 26. hxg6 fxg6 27. Rxd4 exd4 28. Qd2 Qd8 29. Bg4 d3 30. Qh2 Qd4+ 31. Ka2 Rf7 32. cxd3 1-0


[Site "https://www.chess.com"]

[Event "Titled Tuesday Blitz March 01 Early 2022"]
[White "Mohammad Fahad, Rahman"]
[Black "Zierk, Steven"]
[WhiteFideId "10207791"]
[BlackFideId "2034255"]
[WhiteElo "2716"]
[BlackElo "2882"]
[Result "0-1"]
[Round "08"]
[TimeControl "180+1"]
[Date "2022.03.01"]
[WhiteClock "0:00:01"]
[BlackClock "0:00:52"]

1. Nf3 d5 2. b3 Nf6 3. Bb2 Bg4 4. Ne5 Bf5 5. e3 Nbd7 6. Nf3 e6 7. Be2 h6 8. O-O Be7 9. c4 O-O 10. Nc3 c6 11. d4 a5 12. Rc1 Bd6 13. h3 Qe7 14. Bd3 Bxd3 15. Qxd3 Rfd8 16. cxd5 exd5 17. Ne2 Ne4 18. Nd2 f5 19. Nf4 g5 20. Ne2 h5 21. f3 Nxd2 22. Qxd2 Re8 23. e4 dxe4 24. fxe4 fxe4 25. Qe3 Rf8 26. Rce1 Bb4 27. Nc3 Bxc3 28. Bxc3 Nb6 29. Rxf8+ Rxf8 30. Qxe4 Qxe4 31. Rxe4 a4 32. Re5 g4 33. hxg4 hxg4 34. Rg5+ Kf7 35. Rxg4 Nd5 36. Bd2 axb3 37. axb3 Ra8 38. Rg3 Ra2 39. Bh6 b5 40. Rf3+ Kg6 41. Bf8 Nf6 0-1


[Site "https://www.chess.com"]

[Event "Titled Tuesday Blitz March 01 Early 2022"]
[White "Molina, Roberto Junio Brito"]
[Black "Risteski, Emil"]
[WhiteFideId "2109450"]
[BlackFideId "15005267"]
[WhiteElo "2402"]
[BlackElo "2070"]
[Result "1/2-1/2"]
[Round "08"]
[TimeControl "180+1"]
[Date "2022.03.01"]
[WhiteClock "0:01:30"]
[BlackClock "0:01:28"]

1. d4 d6 2. e4 Nf6 3. Nc3 e5 4. dxe5 dxe5 5. Qxd8+ Kxd8 6. Bc4 Ke8 7. f3 c6 8. Be3 b5 9. Bb3 a5 10. a4 b4 11. Nb1 Ba6 12. Nd2 Nbd7 13. Bc4 Bc5 14. Kf2 Bxe3+ 15. Kxe3 Nb6 16. Bxa6 Rxa6 17. Ne2 Ke7 18. Rhd1 Nfd7 19. Nc1 Nc5 20. b3 Ne6 21. Nd3 f6 22. Rac1 c5 23. Nb2 Rd8 24. Ndc4 Nd4 25. Rd2 Nxc4+ 26. Nxc4 Ke6 27. Kf2 Raa8 28. Rcd1 g6 29. Nb6 Rab8 30. Nc4 Ra8 31. Nb6 Ra6 32. Nc4 Raa8 1/2-1/2


[Site "https://www.chess.com"]

[Event "Titled Tuesday Blitz March 01 Early 2022"]
[White "Moreira, Ronaldo Alonso"]
[Black "Mohammadian, Mohammad"]
[WhiteFideId "2110547"]
[BlackFideId "12566055"]
[WhiteElo "2037"]
[BlackElo "1543"]
[Result "1-0"]
[Round "08"]
[TimeControl "180+1"]
[Date "2022.03.01"]
[WhiteClock "0:00:06"]
[BlackClock "0:00:10"]

1. d4 Nf6 2. c4 g6 3. Nc3 d5 4. Bf4 Bg7 5. e3 O-O 6. Rc1 c6 7. Nf3 Bf5 8. Be2 Nbd7 9. h3 Qb6 10. Qb3 Qxb3 11. axb3 a5 12. g4 Be6 13. Ng5 Nb6 14. Nxe6 fxe6 15. O-O Nbd7 16. Ra1 b6 17. Bg3 Ne8 18. b4 Nd6 19. bxa5 bxa5 20. c5 Ne8 21. b4 Nef6 22. bxa5 Ra7 23. a6 Ne8 24. Na4 Ndf6 25. Nb6 Ne4 26. Nc8 Ra8 27. Nxe7+ Kh8 28. Nxc6 Nc3 29. Bd3 Nf6 30. Rfc1 Nfe4 31. Bxe4 Nxe4 32. Rcb1 Nxg3 33. fxg3 Rf3 34. a7 Rxe3 35. Rb8+ Rxb8 36. axb8=Q+ Bf8 37. Qxf8# 1-0


[Site "https://www.chess.com"]

[Event "Titled Tuesday Blitz March 01 Early 2022"]
[White "Muradov, Soltan"]
[Black "Brunner, Nicolas"]
[WhiteFideId "14002108"]
[BlackFideId "620246"]
[WhiteElo "1854"]
[BlackElo "2372"]
[Result "1/2-1/2"]
[Round "08"]
[TimeControl "180+1"]
[Date "2022.03.01"]
[WhiteClock "0:00:03"]
[BlackClock "0:00:05"]

1. d4 d5 2. Nf3 Nf6 3. Bf4 e6 4. e3 c5 5. c3 Nc6 6. Nbd2 Bd6 7. Bg3 O-O 8. Bd3 b6 9. O-O Bb7 10. dxc5 bxc5 11. e4 Bxg3 12. hxg3 Qb6 13. exd5 exd5 14. Qc2 Rfe8 15. Rfe1 g6 16. Rxe8+ Rxe8 17. Re1 Rxe1+ 18. Nxe1 Ng4 19. Be2 Nce5 20. Nef3 Kg7 21. Nxe5 Nxe5 22. Nf3 Ng4 23. Qd2 Nf6 24. Bd1 Ne4 25. Qe2 Ba6 26. Qc2 g5 27. Be2 g4 28. Bxa6 Qxa6 29. Ne5 h5 30. Nd3 Qf6 31. Nf4 Qe5 32. Qe2 Qf5 33. Qa6 Nd2 34. Kh2 h4 35. Qxa7 hxg3+ 36. fxg3 Nf1+ 37. Kg1 Qb1 38. Qxc5 Nd2+ 39. Kh2 Nf1+ 40. Kg1 Nxg3+ 41. Kh2 Nf1+ 42. Kg1 g3 43. Qd4+ Kg8 44. Qd3 Qxd3 45. Nxd3 Ne3 46. Ne5 Nd1 47. a4 Nxb2 48. a5 Na4 49. Nd7 Nxc3 50. a6 Nb5 51. Kf1 f5 52. Nf6+ Kf7 53. Nxd5 Ke6 54. Nb4 Ke5 55. Ke2 Ke4 56. Nc6 f4 57. a7 Nxa7 58. Nxa7 f3+ 59. gxf3+ Kf4 60. Nc8 g2 61. Kf2 g1=Q+ 62. Kxg1 Kxf3 1/2-1/2


[Site "https://www.chess.com"]

[Event "Titled Tuesday Blitz March 01 Early 2022"]
[White "Musovic, Armin"]
[Black "Prieto Aranguren, Alain"]
[WhiteFideId "939935"]
[BlackFideId "2268906"]
[WhiteElo "2250"]
[BlackElo "2235"]
[Result "1/2-1/2"]
[Round "08"]
[TimeControl "180+1"]
[Date "2022.03.01"]
[WhiteClock "0:01:52"]
[BlackClock "0:00:29"]

1. a3 e5 2. Nc3 d5 3. d4 e4 4. Bf4 c6 5. f3 f5 6. Qd2 Nf6 7. O-O-O b5 8. Nh3 a5 9. Nb1 Be7 10. e3 O-O 11. Be2 Nbd7 12. Rhg1 Nb6 13. g4 fxg4 14. fxg4 Nc4 15. Bxc4 bxc4 16. g5 Bxh3 17. gxf6 Bxf6 18. Rg3 Bf5 19. Rdg1 Rb8 20. Bxb8 Qxb8 21. Qxa5 Qb7 22. Nc3 Rb8 23. Na4 h5 24. Qc3 h4 25. R3g2 Qe7 26. Nc5 Rb5 27. Rf2 Rxc5 28. Rxf5 Rb5 29. a4 Rb8 30. Qa3 Qe6 31. a5 Qxf5 32. a6 Qf2 33. Rd1 Ra8 34. a7 Qf5 35. Qa6 Qc8 36. Qxc8+ Rxc8 37. Kd2 Ra8 38. Ra1 g5 39. Kc3 Kf7 40. Kb4 g4 41. Kc5 g3 42. hxg3 hxg3 43. Kxc6 g2 44. Kb7 Rxa7+ 45. Kxa7 Bg5 46. Rg1 Bxe3 47. Rxg2 Bxd4+ 48. Kb7 Bxb2 49. Kc6 d4 50. Kd5 d3 51. Kxe4 dxc2 52. Rxc2 c3 53. Kd3 Ke6 54. Re2+ Kd5 55. Kc2 Kd4 56. Rh2 Ke4 57. Rh3 Kd4 58. Rh4+ Kd5 59. Ra4 Kc5 60. Kb3 Kd5 61. Ra5+ Kd4 62. Kc2 Kc4 63. Ra4+ Kc5 64. Rh4 Kd5 65. Kd3 Ke5 66. Rh8 Kd5 67. Rc8 Kd6 68. Ke4 Kd7 69. Rc4 Kd6 70. Ke3 Kd5 71. Kd3 Kd6 72. Rc8 Kd5 73. Rd8+ Kc5 74. Rd7 Kc6 75. Rd4 Kc5 76. Rc4+ Kd5 77. Rxc3 Bxc3 1/2-1/2


[Site "https://www.chess.com"]

[Event "Titled Tuesday Blitz March 01 Early 2022"]
[White "Nakamura, Hikaru"]
[Black "Oparin, Grigoriy"]
[WhiteFideId "2016192"]
[BlackFideId "24125890"]
[WhiteElo "3164"]
[BlackElo "2894"]
[Result "1-0"]
[Round "08"]
[TimeControl "180+1"]
[Date "2022.03.01"]
[WhiteClock "0:00:14"]
[BlackClock "0:00:05"]

1. Nf3 Nf6 2. b3 d5 3. Bb2 c5 4. g3 Bf5 5. Bg2 e6 6. c4 Nc6 7. cxd5 Nxd5 8. d3 Bg6 9. Nbd2 Rc8 10. Rc1 Nf6 11. Ne5 Nxe5 12. Bxe5 b6 13. b4 Nd7 14. Bb2 cxb4 15. O-O Rxc1 16. Qxc1 f6 17. Qc6 Kf7 18. Qb7 Be7 19. Rc1 Nc5 20. Qxa7 Qb8 21. Qxb8 Rxb8 22. d4 Na4 23. Ba1 Rd8 24. Nb3 e5 25. dxe5 Nc3 26. Bxc3 bxc3 27. Rxc3 Rd1+ 28. Bf1 fxe5 29. Kg2 Bb1 30. a4 Ba2 31. e3 Bb4 32. Rc7+ Ke8 33. Bc4 Rb1 34. Na5 bxa5 35. Bxa2 Rb2 36. Be6 Be1 37. Rf7 e4 38. Rf4 Rb4 39. Bd5 Ke7 40. Rxe4+ Rxe4 41. Bxe4 h6 42. f4 Bd2 43. Kf3 Kf6 44. Bd3 g5 45. e4 Ke6 46. Bc4+ Kd6 47. Kg4 Kc5 48. Bb5 Kd4 49. Kf5 1-0


[Site "https://www.chess.com"]

[Event "Titled Tuesday Blitz March 01 Early 2022"]
[White "Nur-Mukhametova, Alisa"]
[Black "Lauridsen, Jesper Morch"]
[WhiteFideId "54117739"]
[BlackFideId "1401890"]
[WhiteElo "2015"]
[BlackElo "2197"]
[Result "1-0"]
[Round "08"]
[TimeControl "180+1"]
[Date "2022.03.01"]
[WhiteClock "0:00:32"]
[BlackClock "0:00:53"]

1. Nf3 g6 2. d4 Bg7 3. c4 d6 4. g3 Nf6 5. Bg2 O-O 6. O-O c5 7. d5 e6 8. Nc3 exd5 9. cxd5 Re8 10. Re1 a6 11. a4 Ne4 12. Nxe4 Rxe4 13. Nd2 Rb4 14. Qc2 Nd7 15. Ra2 Qa5 16. b3 Qc7 17. Ba3 Rb6 18. Nc4 a5 19. Nxb6 Qxb6 20. Bb2 Ne5 21. h3 Bf5 22. e4 Bd7 23. Kh2 f5 24. f4 Nf7 25. Bxg7 Kxg7 26. Qc3+ Kg8 27. e5 dxe5 28. fxe5 Ng5 29. e6 Be8 30. Rc2 Rc8 31. h4 Ne4 32. Bxe4 fxe4 33. Rxe4 c4 34. Rxc4 Rd8 35. Qf3 Qd6 36. Rf2 b5 37. Rf4 Kg7 38. Qc3+ Kg8 39. Rf8+ Qxf8 40. Rxf8+ Kxf8 41. Qf6+ 1-0


[Site "https://www.chess.com"]

[Event "Titled Tuesday Blitz March 01 Early 2022"]
[White "Obolenskikh, Dmitry"]
[Black "Gabdrakhmanov, Azat"]
[WhiteFideId "4156013"]
[BlackFideId "34189197"]
[WhiteElo "2512"]
[BlackElo "2279"]
[Result "1-0"]
[Round "08"]
[TimeControl "180+1"]
[Date "2022.03.01"]
[WhiteClock "0:01:25"]
[BlackClock "0:00:16"]

1. e4 c5 2. Nf3 e6 3. d4 cxd4 4. Nxd4 a6 5. c4 Qc7 6. Nc3 Nf6 7. a3 b6 8. Qd3 Bb7 9. f4 d6 10. Be2 Nbd7 11. b4 g6 12. Bb2 Bg7 13. O-O O-O 14. Rad1 Rad8 15. Nb3 Nxe4 16. Nxe4 Bxe4 17. Qxe4 Bxb2 18. a4 Bg7 19. Kh1 Nf6 20. Qd3 h5 21. Rc1 Qc6 22. a5 bxa5 23. Nxa5 Qb6 24. Qa3 h4 25. c5 dxc5 26. bxc5 Qc7 27. c6 h3 28. g3 Ne4 29. Nb7 Rd2 30. Qe3 f5 31. Bf3 Bd4 32. Qb3 Nf2+ 33. Rxf2 Rxf2 34. Qxe6+ Kg7 35. Bd5 Ba7 36. Nd6 Rd8 37. Ne8+ Kh6 38. Nxc7 Ra8 39. Nxa8 1-0


[Site "https://www.chess.com"]

[Event "Titled Tuesday Blitz March 01 Early 2022"]
[White "Odegov, Artem"]
[Black "Terzi, Alexei"]
[WhiteFideId "34183644"]
[BlackFideId "13505076"]
[WhiteElo "2277"]
[BlackElo "2031"]
[Result "0-1"]
[Round "08"]
[TimeControl "180+1"]
[Date "2022.03.01"]
[WhiteClock "0:00:03"]
[BlackClock "0:00:40"]

1. d4 Nf6 2. c4 c5 3. d5 b5 4. cxb5 a6 5. b6 d6 6. Nc3 Nbd7 7. Nf3 Nxb6 8. e4 g6 9. Be2 Bg7 10. O-O O-O 11. Re1 Ne8 12. Bf4 Nc7 13. Qd2 Re8 14. Bh6 Bh8 15. Rad1 Bd7 16. Bf1 Nb5 17. e5 Nxc3 18. bxc3 Bb5 19. e6 f5 20. Nh4 Bf6 21. Bg5 Bg7 22. Qe3 Nc4 23. Bxc4 Bxc4 24. Qg3 Rf8 25. Bc1 Qa5 26. Nf3 Qxc3 27. Bd2 Qa3 28. Bc1 Qxa2 29. Ng5 Bxd5 30. Qh4 h5 31. Qg3 Qb3 32. Rd3 Qc4 33. h3 f4 34. Bxf4 Qxf4 35. Qxf4 Rxf4 36. Rxd5 Rf5 37. Rxf5 gxf5 38. Rb1 a5 39. Rb7 Bf6 40. Nf3 a4 41. Nd2 a3 42. Nb3 a2 43. g4 hxg4 44. hxg4 fxg4 45. Kg2 a1=Q 46. Nxa1 Rxa1 47. Kg3 Ra4 48. Rb8+ Kg7 49. Rc8 Kg6 50. f4 Kf5 51. Rg8 Ra3+ 52. Kh2 Kxf4 53. Rg7 c4 54. Rf7 Ra2+ 55. Kh1 Kg3 56. Rxf6 Ra1+ 57. Rf1 Rxf1# 0-1


[Site "https://www.chess.com"]

[Event "Titled Tuesday Blitz March 01 Early 2022"]
[White "Ohanyan, Emin"]
[Black "Belyakov, Bogdan"]
[WhiteFideId "13312022"]
[BlackFideId "24104795"]
[WhiteElo "1809"]
[BlackElo "2407"]
[Result "1-0"]
[Round "08"]
[TimeControl "180+1"]
[Date "2022.03.01"]
[WhiteClock "0:00:02"]
[BlackClock "0:00:01"]

1. e4 e5 2. Nc3 Nf6 3. Bc4 Nc6 4. d3 Na5 5. Bb3 Nxb3 6. axb3 d5 7. exd5 Bb4 8. Ne2 Nxd5 9. O-O O-O 10. Bd2 Nxc3 11. bxc3 Bd6 12. f4 b6 13. f5 f6 14. Ng3 Bb7 15. Qg4 a5 16. c4 Qe7 17. Ne4 Bb4 18. Be3 Rad8 19. Rf3 Bxe4 20. Qxe4 Bc5 21. h4 Bxe3+ 22. Qxe3 Rd4 23. h5 h6 24. Raf1 Rfd8 25. Rg3 Qc5 26. Rff3 Kf8 27. Rg6 e4 28. Rfg3 R8d7 29. Rxf6+ Kg8 30. Rxh6 Qxf5 31. Rg5 Qf8 32. Rhg6 exd3 33. cxd3 Rxd3 34. Qe5 R3d6 35. h6 Rxg6 36. Rxg6 Kh7 37. Qe4 Qc5+ 38. Kf1 Rf7+ 39. Rf6+ 1-0


[Site "https://www.chess.com"]

[Event "Titled Tuesday Blitz March 01 Early 2022"]
[White "Omariev, Maksim"]
[Black "Kostiukov, Alexandr"]
[WhiteFideId "4193423"]
[BlackFideId "14108100"]
[WhiteElo "2429"]
[BlackElo "2202"]
[Result "1-0"]
[Round "08"]
[TimeControl "180+1"]
[Date "2022.03.01"]
[WhiteClock "0:00:52"]
[BlackClock "0:00:13"]

1. g4 c5 2. Bg2 d5 3. h3 Nc6 4. d3 e5 5. Nc3 Nge7 6. e4 d4 7. Nce2 f6 8. f4 g6 9. Nf3 Bg7 10. f5 O-O 11. h4 Na5 12. b3 b5 13. a4 b4 14. Ng3 gxf5 15. gxf5 Bb7 16. Kf2 Qd7 17. Bd2 Nac6 18. Nh2 Nd8 19. Bf3 a5 20. Bh5 Bc6 21. Qf3 Qb7 22. Rag1 Be8 23. Rg2 Kh8 24. Rhg1 Rg8 25. Bxe8 Rxe8 26. Nh5 Bf8 27. Nxf6 Qc6 28. Rg8+ 1-0


[Site "https://www.chess.com"]

[Event "Titled Tuesday Blitz March 01 Early 2022"]
[White "Ooi, Zhi Yang"]
[Black "Mirzoev, Azer"]
[WhiteFideId "5709270"]
[BlackFideId "13400304"]
[WhiteElo "1802"]
[BlackElo "2525"]
[Result "0-1"]
[Round "08"]
[TimeControl "180+1"]
[Date "2022.03.01"]
[WhiteClock "0:00:13"]
[BlackClock "0:00:27"]

1. e4 e6 2. Qe2 d5 3. d3 c5 4. Nf3 Nc6 5. g3 Nf6 6. Bg2 Be7 7. O-O O-O 8. e5 Nd7 9. c4 Nb6 10. h4 Re8 11. Bf4 h6 12. Nc3 Bf8 13. Rfe1 Bd7 14. g4 Nd4 15. Nxd4 cxd4 16. Nb5 Bxb5 17. cxb5 Qxh4 18. Bg3 Qd8 19. f4 Rc8 20. Rac1 Qd7 21. Rxc8 Rxc8 22. g5 hxg5 23. fxg5 g6 24. Bh3 Qxb5 25. Rf1 Qd7 26. Rf2 Bg7 27. Qf3 Qe8 28. Qf4 Nd7 29. Qxd4 b6 30. Qe3 Nf8 31. d4 Rc7 32. Bf1 Nh7 33. Bf4 b5 34. Qb3 a6 35. a4 bxa4 36. Qb6 Rc8 37. Qxa6 Rb8 38. Rc2 Bf8 39. Qa7 Be7 40. Rg2 Qd8 41. Bd3 Rb3 42. Bc2 Rf3 43. Bd2 Bxg5 44. Bxg5 Nxg5 45. Qxa4 Kg7 46. Qa7 Nh3+ 47. Kh2 Nf4 48. Rg4 Qh8+ 49. Kg1 Qh5 0-1


[Site "https://www.chess.com"]

[Event "Titled Tuesday Blitz March 01 Early 2022"]
[White "P., Komal Kishore"]
[Black "Osmonbekov, Talaibek"]
[WhiteFideId "5016703"]
[BlackFideId "2017253"]
[WhiteElo "2080"]
[BlackElo "2135"]
[Result "1-0"]
[Round "08"]
[TimeControl "180+1"]
[Date "2022.03.01"]
[WhiteClock "0:00:15"]
[BlackClock "0:00:01"]

1. e4 c5 2. Nf3 d6 3. Bb5+ Nd7 4. O-O a6 5. Bd3 Ngf6 6. c3 e5 7. Bc2 Be7 8. d4 O-O 9. Re1 Qc7 10. Nbd2 b5 11. Nf1 Re8 12. Bg5 h6 13. Bh4 cxd4 14. cxd4 Bb7 15. Rc1 Qb6 16. h3 exd4 17. Nxd4 Nc5 18. Nf5 Ncxe4 19. Bxe4 Nxe4 20. Rxe4 Bxe4 21. Nxe7+ Kf8 22. Nd5 Qb7 23. Nfe3 Re5 24. Rc7 Rxd5 25. Nxd5 Qxd5 26. Qxd5 Bxd5 27. Be7+ Kg8 28. a3 a5 29. Bxd6 Rb8 30. Rc5 Rd8 31. Rxd5 b4 32. axb4 axb4 33. Rd2 f6 34. Bxb4 Rb8 35. Bc3 Kf7 36. Rd7+ Kg6 37. g4 Re8 38. Kg2 Rc8 39. Kg3 Rc4 40. f4 Rc6 41. f5+ Kh7 42. h4 Rb6 43. g5 hxg5 44. hxg5 fxg5 45. Rxg7+ Kh6 46. Kg4 Rc6 47. Rxg5 1-0


[Site "https://www.chess.com"]

[Event "Titled Tuesday Blitz March 01 Early 2022"]
[White "Pajeken, Jakob Leon"]
[Black "Reprintsev, Alexander"]
[WhiteFideId "12942839"]
[BlackFideId "14100541"]
[WhiteElo "2351"]
[BlackElo "2126"]
[Result "1/2-1/2"]
[Round "08"]
[TimeControl "180+1"]
[Date "2022.03.01"]
[WhiteClock "0:01:16"]
[BlackClock "0:01:29"]

1. d4 d5 2. c4 e5 3. cxd5 Qxd5 4. Nf3 Nc6 5. Nc3 Bb4 6. Bd2 Bxc3 7. Bxc3 e4 8. Nd2 e3 9. fxe3 Nf6 10. Qb3 Be6 11. Qxd5 Bxd5 12. Rg1 O-O-O 13. g4 Rhe8 14. g5 Ne4 15. Nxe4 Rxe4 16. Kd2 Rh4 17. h3 Re8 18. Rg3 Re6 19. b3 Ne7 20. Rf3 Bxf3 21. exf3 Nd5 22. Bc4 c6 23. e4 1/2-1/2


[Site "https://www.chess.com"]

[Event "Titled Tuesday Blitz March 01 Early 2022"]
[White "Paravyan, David"]
[Black "Jumabayev, Rinat"]
[WhiteFideId "4194985"]
[BlackFideId "13702661"]
[WhiteElo "2978"]
[BlackElo "2872"]
[Result "1-0"]
[Round "08"]
[TimeControl "180+1"]
[Date "2022.03.01"]
[WhiteClock "0:00:20"]
[BlackClock "0:00:01"]

1. e4 e5 2. Nf3 Nc6 3. Nc3 Nf6 4. d4 exd4 5. Nxd4 Bb4 6. Nxc6 bxc6 7. Bd3 d5 8. exd5 cxd5 9. O-O O-O 10. Bg5 c6 11. Qf3 h6 12. Bxf6 Qxf6 13. Qxf6 gxf6 14. Ne2 Bd6 15. Nd4 c5 16. Nf5 Bxf5 17. Bxf5 Be5 18. Rab1 Rab8 19. b3 c4 20. Rbd1 Rfd8 21. f4 Bc7 22. Rf3 Kf8 23. Kf2 a5 24. Kg3 a4 25. Kg4 cxb3 26. cxb3 Rb4 27. g3 d4 28. Rc1 Bd6 29. Rd3 axb3 30. axb3 Rb5 31. Bc8 Bb8 32. Ba6 Rb6 33. Bc4 Rb7 34. Ra1 Kg7 35. Ra5 Bc7 36. Rc5 Bb6 37. Rb5 Rd6 38. Rd1 Re7 39. Rd3 Re3 40. Rxe3 dxe3 41. Kf3 Kf8 42. Be2 Ke7 43. Rh5 Rd2 44. Rxh6 Rb2 45. Rh7 Rxb3 46. Rxf7+ Kxf7 47. Bc4+ Kg6 48. Bxb3 f5 49. Bc2 Kf6 50. Bd3 Bc5 51. h3 Bd4 52. g4 fxg4+ 53. hxg4 Bb6 54. Ke4 Kg7 55. g5 Kf7 56. Kf5 Kg7 57. Ke6 Bd8 58. Bf1 Kf8 59. Be2 Be7 60. Bb5 Bd8 61. Bc4 Be7 62. Be2 Bd8 63. Kf5 Kg7 64. Bc4 Be7 65. Kg4 Bd8 66. Kf3 Bb6 67. Ke4 Kg6 68. Bd3 Kg7 69. Ke5 Bc7+ 70. Kf5 Bb6 71. Ke6 Bd8 72. Bb5 Kf8 73. Ba6 Be7 74. Kf5 Bd8 75. Kg6 Be7 76. f5 Bd8 77. f6 Bb6 78. Kf5 Bd4 79. g6 Kg8 80. Bc4+ 1-0


[Site "https://www.chess.com"]

[Event "Titled Tuesday Blitz March 01 Early 2022"]
[White "Pasti, Aron"]
[Black "Zainullina, Nataliya"]
[WhiteFideId "785857"]
[BlackFideId "4145488"]
[WhiteElo "2080"]
[BlackElo "2055"]
[Result "0-1"]
[Round "08"]
[TimeControl "180+1"]
[Date "2022.03.01"]
[WhiteClock "0:00:01"]
[BlackClock "0:02:04"]

1. e4 c5 2. Nf3 d6 3. d4 cxd4 4. Nxd4 Nf6 5. Nc3 a6 6. Be2 e5 7. Nb3 Be7 8. Be3 Be6 9. O-O O-O 10. f3 b5 11. Qd2 Nbd7 12. Rad1 Nb6 13. Qe1 Nc4 14. Bxc4 bxc4 15. Nd2 Rb8 16. b3 cxb3 17. axb3 Qc7 18. Ndb1 Rfc8 19. Qe2 Nh5 20. Bd2 Nf4 21. Bxf4 exf4 22. Rd2 Bf6 23. Nd5 Be5 24. Nxc7 Rxc7 25. c4 Rxb3 26. Rc1 Re3 27. Qd1 f5 28. Rd3 fxe4 29. Rxe3 fxe3 30. fxe4 Rf7 31. Qe2 Bd4 32. Rd1 Bc5 33. Nc3 Rf2 34. Qxf2 exf2+ 35. Kf1 Bxc4+ 36. Ne2 a5 37. Rc1 Bb5 38. Rd1 a4 39. Rd2 a3 0-1


[Site "https://www.chess.com"]

[Event "Titled Tuesday Blitz March 01 Early 2022"]
[White "Piliczewski, Bogusz"]
[Black "Golubenko, Valentina"]
[WhiteFideId "1104144"]
[BlackFideId "4501993"]
[WhiteElo "1896"]
[BlackElo "2164"]
[Result "1-0"]
[Round "08"]
[TimeControl "180+1"]
[Date "2022.03.01"]
[WhiteClock "0:01:06"]
[BlackClock "0:00:38"]

1. d4 Nf6 2. Nf3 g6 3. Bf4 Bg7 4. e3 O-O 5. Be2 c5 6. c3 cxd4 7. exd4 d6 8. h3 Nc6 9. O-O Re8 10. Nbd2 e5 11. Bh2 e4 12. Ne1 d5 13. Nc2 a6 14. Ne3 b5 15. a4 b4 16. Qb3 bxc3 17. bxc3 Be6 18. Rfb1 Rc8 19. Bxa6 Rb8 20. Bxb8 Nxb8 21. Bb5 Rf8 22. a5 Nfd7 23. a6 Nb6 24. a7 N8d7 25. Bxd7 Na8 26. Bc6 Qc7 27. Qb7 Qd6 28. Qxa8 Rxa8 29. Bxa8 f5 30. Bb7 f4 31. a8=Q+ Kf7 32. Nxd5 f3 33. g3 Bxh3 34. Nxe4 Qd7 35. Ng5# 1-0


[Site "https://www.chess.com"]

[Event "Titled Tuesday Blitz March 01 Early 2022"]
[White "Pischal, Yulia"]
[Black "Dolzhykova, Kateryna"]
[WhiteFideId "14102390"]
[BlackFideId "14113414"]
[WhiteElo "1931"]
[BlackElo "2165"]
[Result "0-1"]
[Round "08"]
[TimeControl "180+1"]
[Date "2022.03.01"]
[WhiteClock "0:00:04"]
[BlackClock "0:00:33"]

1. e4 c5 2. Nc3 e6 3. g3 g6 4. Bg2 Bg7 5. d3 d6 6. f4 Nc6 7. Nf3 Nge7 8. O-O O-O 9. Be3 Nd4 10. Qd2 Nec6 11. Ne1 f5 12. Nd1 fxe4 13. dxe4 e5 14. c3 exf4 15. gxf4 Ne6 16. Nf2 Bh6 17. Ng4 Bg7 18. f5 Nc7 19. Nh6+ Kh8 20. fxg6 Rxf1+ 21. Bxf1 Ne5 22. Bg2 hxg6 23. Nf3 Be6 24. b3 Qe7 25. Bg5 Qd7 26. Rd1 Rf8 27. Nh4 Kh7 28. Qxd6 Qxd6 29. Rxd6 Bxh6 30. Bxh6 Kxh6 31. Rd2 Kg5 32. Nf3+ Rxf3 33. Bxf3 Nxf3+ 34. Kf2 Nxd2 35. Ke3 Nb1 0-1


[Site "https://www.chess.com"]

[Event "Titled Tuesday Blitz March 01 Early 2022"]
[White "Polster, Christian"]
[Black "Quirke, Jeffrey"]
[WhiteFideId "12965081"]
[BlackFideId "2013029"]
[WhiteElo "2292"]
[BlackElo "2151"]
[Result "1-0"]
[Round "08"]
[TimeControl "180+1"]
[Date "2022.03.01"]
[WhiteClock "0:00:08"]
[BlackClock "0:00:04"]

1. e4 c5 2. Nc3 a6 3. g3 b5 4. Bg2 Bb7 5. Nge2 e6 6. O-O b4 7. Nd5 exd5 8. exd5 Nf6 9. Re1 Bd6 10. d4 O-O 11. c4 a5 12. h3 Na6 13. Be3 Re8 14. g4 Qc7 15. dxc5 Nxc5 16. Nd4 Bf8 17. Nb5 Qb6 18. a3 Ba6 19. a4 Bxb5 20. axb5 d6 21. g5 Nfd7 22. Qd4 a4 23. h4 Nb3 24. Qxb6 Nxb6 25. Bxb6 Nxa1 26. Rxa1 a3 27. bxa3 bxa3 28. Bd4 a2 29. b6 Reb8 30. Bh3 Ra4 31. Bf1 g6 32. Kg2 Bg7 33. Bxg7 Kxg7 34. Kf3 Rxb6 35. Bd3 Rb2 36. Ke4 Rxf2 37. Kd4 Rb2 38. Kc3 Re2 39. Bxe2 Ra3+ 40. Kd4 1-0


[Site "https://www.chess.com"]

[Event "Titled Tuesday Blitz March 01 Early 2022"]
[White "Potapova, Margarita"]
[Black "Kuzmin, Roman"]
[WhiteFideId "14126869"]
[BlackFideId "44134932"]
[WhiteElo "2209"]
[BlackElo "1978"]
[Result "1/2-1/2"]
[Round "08"]
[TimeControl "180+1"]
[Date "2022.03.01"]
[WhiteClock "0:00:07"]
[BlackClock "0:00:04"]

1. d4 d5 2. c4 e6 3. Nf3 Nf6 4. Nc3 c6 5. Bg5 Nbd7 6. e3 Qa5 7. Nd2 Bb4 8. Qc2 dxc4 9. Bxf6 Nxf6 10. Nxc4 Qd5 11. a3 Bxc3+ 12. bxc3 O-O 13. f3 b5 14. Ne5 a6 15. c4 Qd6 16. c5 Qc7 17. Bd3 h6 18. O-O Bd7 19. a4 Rae8 20. axb5 axb5 21. Ra6 Nd5 22. Qd2 f6 23. Ng6 Rf7 24. e4 Ne7 25. Nf4 Bc8 26. Raa1 e5 27. Ne2 exd4 28. Nxd4 Rd8 29. Bc2 Qe5 30. Rfd1 Kh8 31. Qc3 Rff8 32. Ne2 Qxc3 33. Nxc3 Ng6 34. Rd6 Ne5 35. f4 Rxd6 36. cxd6 Nc4 37. Rd1 Rd8 38. e5 fxe5 39. fxe5 Nxe5 40. Be4 b4 41. Na4 Nc4 42. Bxc6 Rxd6 43. Rxd6 Nxd6 44. Bd5 Ba6 45. Nc5 Bc4 46. Bf3 b3 47. Bd1 b2 48. Bc2 Nb5 49. Kf2 Na3 50. Be4 b1=Q 51. Bxb1 Nxb1 52. Ne4 Na3 53. Nd6 Be6 54. Ne4 Nc4 55. Nc5 Bd5 56. Nd3 Kh7 57. Nf4 Bf7 58. Nd3 Ne5 59. Nxe5 Be6 60. Nf3 g5 61. Nd4 Bd5 62. Ke3 Kg6 63. g3 Bg2 64. Kf2 Bd5 65. Ke3 Bb7 66. Ne2 h5 67. Nd4 Ba6 68. Kf2 Bc4 69. Ke3 Kf6 70. Ke4 Ba6 71. Ke3 Bb7 72. Kf2 Ke5 73. Ne2 Bd5 74. Ng1 Be4 75. Ne2 Kf5 76. h4 gxh4 77. gxh4 Kg4 78. Ng3 Bg6 79. Nxh5 Kxh5 80. Ke3 Kxh4 1/2-1/2


[Site "https://www.chess.com"]

[Event "Titled Tuesday Blitz March 01 Early 2022"]
[White "Qashashvili, Alexandre"]
[Black "Van den Dikkenberg, Erik"]
[WhiteFideId "13600842"]
[BlackFideId "1005880"]
[WhiteElo "2316"]
[BlackElo "2118"]
[Result "1/2-1/2"]
[Round "08"]
[TimeControl "180+1"]
[Date "2022.03.01"]
[WhiteClock "0:00:18"]
[BlackClock "0:01:12"]

1. e4 c5 2. Nc3 d6 3. Nf3 g6 4. d3 Bg7 5. Be3 Nf6 6. Qd2 O-O 7. Bh6 Nc6 8. h4 Bg4 9. h5 Bxh5 10. Be2 Bxf3 11. Bxf3 Ne5 12. Bxg7 Kxg7 13. Qh6+ Kg8 14. Nd5 Ned7 15. g4 e6 16. Nxf6+ Nxf6 17. g5 Nh5 18. Bxh5 gxh5 19. Rxh5 Re8 20. Qxh7+ Kf8 21. Qh8+ Ke7 22. Qf6+ Kd7 23. Qxf7+ Re7 24. Qf3 Qg8 25. O-O-O Rf8 26. Qg3 Ref7 27. g6 Rxf2 28. Rh7+ Kc6 29. Qg5 R8f6 30. Rg1 Rxg6 31. Qxg6 Rf1+ 32. Kd2 Rxg1 33. Qxg8 Rxg8 34. Rh2 e5 35. c3 b5 36. Kc2 a5 37. Rf2 Rg6 38. a3 Rh6 39. Rg2 Rf6 40. Rh2 Rg6 41. Rf2 Rh6 42. Rg2 Rf6 43. Rh2 Rg6 44. Rf2 1/2-1/2


[Site "https://www.chess.com"]